 Dungeon Crawl Stone Soup version 0.32-a0-171-g4625e66871 (webtiles) character file.

Game seed: 11004069098928286566

1634926 momomo the Slayer (level 27, 214/214 HPs)
             Began as a Demonspawn Monk on Feb 12, 2024.
             Was an Elder of Hepliaklqana.
             Escaped with the Orb
             ... and 3 runes!
             The game lasted 02:09:50 (76293 turns).

momomo the Slayer (Demonspawn Monk)                Turns: 76293, Time: 02:09:51

Health: 214/214    AC: 40    Str: 20    XL:     27
Magic:  46/46      EV: 16    Int: 22    God:    Hepliaklqana [****..]
Gold:   2545       SH: 26    Dex: 32    Spells: 24/32 levels left

rFire   + + .        e - +9 demon blade (freeze)
rCold   + . .        W - +1 kite shield {rF+}
rNeg    . . .        S - +6 gold dragon scales
rPois   +            E - +3 hat of Pondering {ponderous, Will+ MP+10 Int+5}
rElec   .            v - +2 cloak
rCorr   .            s - +2 pair of gloves {Str+3}
SInv    .            (boots unavailable)
Will    +++..        T - amulet of Efaher {Spirit Rampage Fly rPois} Stlth
                     M - +6 ring of dexterity
HPRegen 0.55/turn    K - +6 ring of dexterity
MPRegen 0.30/turn

%: guardian spirit, rampage
@: flying, studying 3 skills, slow
A: reduced essence, hooves 3, large bone plates 3, demonic guardian 3, spiny 3,
corrupting presence 2, word of chaos, clever 1
0: Orb of Zot
}: 3/15 runes: decaying, serpentine, silver
a: Word of Chaos, Renounce Religion, Recall Ancestor, Ancestor Identity,
Transference, Idealise


You escaped.
You worshipped Hepliaklqana.
Hepliaklqana was greatly pleased with you.
You visited 9 branches of the dungeon, and saw 47 of its levels.
You also visited: Trove, Ice Cave, Volcano, Wizlab and Desolation.

You collected 7323 gold pieces.
You spent 4778 gold pieces at shops.

Inventory:

Hand Weapons
 c - the +4 double sword "Jilaap" {spect, rPois Will+}
   (You acquired it on level 1 of the Orcish Mines)

   rPois:     It protects you from poison Will+: It increases your willpower.
 e - a +9 demon blade of freezing (weapon)
 P - a +5 double sword of flaming
 X - a +1 vampiric quick blade
Missiles
 q - 8 curare-tipped darts
 x - 5 throwing nets (quivered) {!f}
Armour
 s - a +2 pair of gloves of strength (worn)
 v - a +2 cloak (worn)
 E - the +3 hat of Pondering (worn) {ponderous, Will+ MP+10 Int+5}
   (You took it off Gastronok on level 10 of the Dungeon)

   Int+5:     It affects your intelligence (+5).
   Will+:     It increases your willpower.
   MP+10:     It affects your magic capacity (+10).
 R - a +0 cloak of preservation
 S - +6 gold dragon scales (worn)
 W - a +1 kite shield of fire resistance (worn)
Jewellery
 d - the ring "Notso" {Wiz SInv}
   (You found it in a treasure trove)

   [ring of wizardry]

   Wiz:       It improves your spell success rate.
   SInv:      It lets you see invisible.
 g - the ring "Quciyte" {rElec rF- Int+6 SInv}
   (You found it in a treasure trove)

   [ring of intelligence]

   Int+6:     It affects your intelligence (+6).
   rF-:       It makes you vulnerable to fire.
   rElec:     It insulates you from electricity.
   SInv:      It lets you see invisible.
 h - the amulet "Tegigoeb" {rN+ Regen+}
   (You found it in a treasure trove)

   [amulet of regeneration]

   rN+:       It protects you from negative energy.
   Regen+:    It increases your rate of health regeneration.
 l - the ring of Qieppizi {rC++ Will- Int+6 Dex+3}
   (You found it in a treasure trove)

   [ring of intelligence]

   Int+6:     It affects your intelligence (+6).
   Dex+3:     It affects your dexterity (+3).
   rC++:      It greatly protects you from cold.
   Will-:     It decreases your willpower.
 t - a ring of protection from fire
 y - a ring of protection from cold
 G - the ring "Eveg" {^Contam rF+ rC+ rCorr Int+3}
   (You found it in a treasure trove)

   [ring of protection from cold]

   Int+3:     It affects your intelligence (+3).
   rF+:       It protects you from fire.
   rC+:       It protects you from cold.
   ^Contam:   It causes magical contamination when unequipped.
   rCorr:     It protects you from acid and corrosion.
 J - a ring of resist corrosion
 K - a +6 ring of dexterity (right hand)
 M - a +6 ring of dexterity (left hand)
 T - the amulet of Efaher (around neck) {Spirit Rampage Fly rPois}
   (You found it in an ice cave)

   [amulet of guardian spirit]

   Spirit:    It causes incoming damage to be divided between your reserves of
   health and magic.
   rPois:     It protects you from poison Fly: It grants you flight.
   Rampage:   It bestows one free step when moving towards enemies.
 V - the ring of Life {rPois Will+++ rCorr EV+5 Int-5}
   (You found it in a treasure trove)

   [ring of evasion]

   EV+5:      It affects your evasion (+5).
   Int-5:     It affects your intelligence (-5).
   rPois:     It protects you from poison Will+++: It greatly increases your
   willpower.
   rCorr:     It protects you from acid and corrosion.
Wands
 b - a wand of roots (64)
 f - a wand of charming (40)
 j - a wand of digging (28) {@v3}
 L - a wand of quicksilver (19)
Scrolls
 a - 4 scrolls of fog
 o - 7 scrolls of immolation
 u - 2 scrolls of silence
 B - 2 scrolls of revelation
 D - 3 scrolls of blinking {@r4}
 F - 9 scrolls of vulnerability
 H - 18 scrolls of teleportation {@r3}
 Z - 4 scrolls of fear
Potions
 k - 2 potions of cancellation
 n - 4 potions of heal wounds {@q2}
 p - 4 potions of might {@q3}
 r - 5 potions of magic
 z - 7 potions of mutation
 A - 7 potions of lignification
 C - 2 potions of haste {@q4}
 I - 20 potions of curing {@q1}
 N - 2 potions of resistance {@q5}
 O - a potion of ambrosia
 Q - 10 potions of enlightenment
 U - 4 potions of invisibility
Miscellaneous
 i - a lightning rod (4/4)
 m - a sack of spiders
 w - a phantom mirror
 Y - a phial of floods


   Skills:
 - Level 24.0 Fighting
 + Level 21.8 Long Blades
 + Level 21.2 Armour
 + Level 17.1 Dodging
 - Level 15.0 Shields
 - Level 3.1 Spellcasting
 - Level 4.4 Summonings
 - Level 3.5 Translocations
 - Level 18.0 Invocations
 - Level 15.3 Evocations


You had 24 spell levels left.
You knew the following spells:

 Your Spells              Type           Power      Damage    Failure   Level
a - Blink                 Tloc           36%        N/A       85%         2
b - Summon Cactus Giant   Summ           11%        N/A       100%        6

Your spell library contained the following spells:

 Spells                   Type           Power      Damage    Failure   Level
 Summon Small Mammal      Summ           88%        N/A       58%         1
 Apportation              Tloc           36%        N/A       71%         1
 Call Imp                 Summ           44%        N/A       73%         2
 Lesser Beckoning         Tloc           36%        N/A       85%         2
 Momentum Strike          Conj/Tloc      22%        3d8       97%         2
 Gell's Gravitas          Tloc           18%        N/A       97%         3
 Teleport Other           Tloc           18%        N/A       97%         3
 Foxfire                  Conj/Fire      12%        2x1d4     99%         1
 Kiss of Death            Conj/Necr      12%        2d6       99%         1
 Magic Dart               Conj           12%        1d3       99%         1
 Necrotise                Necr           12%        1d4       99%         1
 Sandblast                Erth           6%         2d5       99%         1
 Sting                    Conj/Alch      12%        1d3       99%         1
 Cigotuvi's Dreadful Rot  Necr/Alch/Air  6%         N/A       100%        2
 Ensorcelled Hibernation  Hex/Ice        6%         N/A       100%        2
 Jinxbite                 Hex            6%         N/A       100%        2
 Mercury Vapours          Alch/Air       6%         N/A       100%        2
 Scorch                   Fire           6%         2d5       100%        2
 Static Discharge         Conj/Air       6%         3-4/arc   100%        2
 Confusing Touch          Hex            3%         N/A       100%        3
 Dazzling Flash           Conj/Hex       6%         N/A       100%        3
 Fugue of the Fallen      Necr           3%         N/A       100%        3
 Inner Flame              Hex/Fire       3%         N/A       100%        3
 Mephitic Cloud           Conj/Alch/Air  3%         N/A       100%        3
 Ozocubu's Armour         Ice            3%         N/A       100%        3
 Passwall                 Erth           3%         N/A       100%        3
 Stone Arrow              Conj/Erth      6%         3d7       100%        3
 Tukima's Dance           Hex            3%         N/A       100%        3
 Volatile Blastmotes      Fire/Tloc      22%        2d11      100%        3
 Airstrike                Air            1%         2d(1-17)  100%        4
 Anguish                  Hex/Necr       1%         N/A       100%        4
 Brom's Barrelling Bould  Conj/Erth      3%         2d3       100%        4
 Cause Fear               Hex            1%         N/A       100%        4
 Dimensional Bullseye     Hex/Tloc       5%         N/A       100%        4
 Dispel Undead            Necr           3%         3d7       100%        4
 Flame Wave               Conj/Fire      3%         2d5       100%        4
 Ignite Poison            Fire/Alch      3%         N/A       100%        4
 Iskenderun's Mystic Bla  Conj/Tloc      11%        2d4       100%        4
 Manifold Assault         Tloc           18%        N/A       100%        4
 Martyr's Knell           Necr/Summ      13%        N/A       100%        4
 Olgreb's Toxic Radiance  Alch           3%         N/A       100%        4
 Passage of Golubria      Tloc           18%        N/A       100%        4
 Sticky Flame             Fire/Alch      3%         2d4       100%        4
 Summon Lightning Spire   Summ/Air       13%        N/A       100%        4
 Vhi's Electric Charge    Tloc/Air       22%        N/A       100%        4
 Arcjolt                  Conj/Air       1%         1d11      100%        5
 Borgnjor's Vile Clutch   Necr/Erth      1%         N/A       100%        5
 Fireball                 Conj/Fire      1%         3d3       100%        5
 Freezing Cloud           Conj/Ice/Air   1%         6-21      100%        5
 Irradiate                Conj/Alch      1%         3d12      100%        5
 Metabolic Englaciation   Hex/Ice        1%         N/A       100%        5
 Silence                  Hex/Air        1%         N/A       100%        5
 Summon Forest            Summ/Tloc      10%        N/A       100%        5
 Yara's Violent Unravell  Hex/Alch       1%         3d3       100%        5
 Death Channel            Necr           1%         N/A       100%        6
 Dispersal                Tloc           9%         N/A       100%        6
 Plasma Beam              Fire/Air       1%         2x1d11    100%        6
 Starburst                Conj/Fire      1%         6d3       100%        6
 Enfeeble                 Hex            1%         N/A       100%        7
 Malign Gateway           Summ/Tloc      10%        N/A       100%        7
 Ozocubu's Refrigeration  Ice            1%         4d7       100%        7
 Summon Hydra             Summ           11%        N/A       100%        7
 Discord                  Hex            1%         N/A       100%        8
 Lehudib's Crystal Spear  Conj/Erth      1%         10d2      100%        8
 Maxwell's Capacitive Co  Air            1%         ∞         100%        8
 Summon Horrible Things   Summ           11%        N/A       100%        8
 Chain Lightning          Conj/Air       1%         3d2       100%        9


Dungeon Overview and Level Annotations

Branches:
Dungeon (15/15)            Temple (0/1) D:4            Lair (5/5) D:9
  Swamp (4/4) Lair:3        Snake (4/4) Lair:3        Slime (0/5) Lair:4
    Orc (2/2) D:9             Elf (3/3) Orc:2        Vaults (5/5) D:14
  Crypt (0/3) Vaults:3     Depths (4/4) D:15            Zot (5/5) Depths:4
  IceCv (visited)         Volcano (visited)          WizLab (visited)
Desolation (visited)

Altars:
Dithmenos
Fedhas
Hepliaklqana
Kikubaaqudgha
Ru
Sif Muna
Wu Jian
Yredelemnul
Jiyva

Shops:
Orc:1 ?   Orc:2 [:=*   Snake:2 :   Vaults:1 ?   Vaults:2 ?:!   Vaults:5 [(
Depths:1 (=([

Portals:
Hell: Depths:1 Depths:2 Depths:3 Depths:4
Abyss: Depths:1 Depths:3
Pandemonium: Depths:2
Ziggurat: Depths:2

Annotations:
Lair:5 exclusion: 2 oklob plants
Depths:2 exclusions: great orb of eyes and 3 more exclusions
Zot:5 exclusion: obsidian statue


Innate Abilities, Weirdness & Mutations

Your life essence is reduced to manifest your ancestor. (-10% HP)
You have hooves in place of feet.
You are completely covered in large bone plates. (SH +8)
A powerful demonic guardian rushes to your aid.
You are completely covered in sharp spines.
Your presence sometimes corrodes or deforms those you injure.
You can speak a Word of Chaos.
Your mind is acute. (Int +4, Str/Dex -1)


Message History

You block the rakshasa's attack.
Cipactli casts a spell.
Cipactli seems to speed up.
You slice the rakshasa!! You freeze the rakshasa!
You kill the rakshasa!
The rakshasa shimmers and vanishes!
Cipactli hits the goblin with a +0 lajatang of freezing!
Cipactli freezes the goblin.
The goblin dies!
You block the rakshasa's attack.
You carve the rakshasa like a ham!!! You freeze the rakshasa.
You kill the rakshasa!
The rakshasa shimmers and vanishes!
You slice the rakshasa!! You freeze the rakshasa. You kick the rakshasa!
You kill the rakshasa!
No target in view!
No target in view!
No target in view!
No target in view!
No target in view!
No target in view!
No target in view!
No target in view!
No target in view!
Things that are here:
a +0 long sword; a +0 robe
There is a stone staircase leading up here.
You fly upwards.
There is a stone staircase leading down here.
You see here a quokka skeleton.
You see here a +0 leather armour.
Cipactli is no longer moving quickly.
There is an open door here.
An orange demon comes into view.
Unknown command.
Blink to where?
Press: ? - help, Dir - move target
As you read the scroll of blinking {@r4}, it crumbles to dust.
There is a staircase leading out of the dungeon here.
You have escaped!

##### ######.@.######
###.............###
###................§########
###.'..............R..'.......
##...#.................#.#####.
##.÷#####.............###.#...#.
##..## ###.........### #.#.#.#.
...## ###....4### #.#.#.#.
...### ###.....4...### #.#.#.#.


You could see the friendly Cipactli the battlemage and an orange demon.

Vanquished Creatures
  4 dread liches
  2 orbs of fire (Zot:5)
  An ancient lich (Zot:5)
  Sojobo (Vaults:2)
  Bai Suzhen (Snake:3)
  Josephina (Zot:2)
  2 Killer Klowns (Zot:5)
  5 caustic shrikes (Depths:3)
  A curse toe (Zot:5)
  Saint Roka (Vaults:4)
  Norris (Elf:3)
  Nikola (Snake:1)
  6 golden dragons
  2 electric golems (Zot:5)
  11 tentacled monstrosities
  9 Orb Guardians
  Mlioglotl (Snake:1)
  A walking earthen tome (Depths:2)
  3 liches (Depths:2)
  A titan (Vaults:5)
  A deep elf master archer (Elf:3)
  2 sphinxes
  2 deep elf blademasters (Elf:3)
  5 quicksilver dragons
  Agnes (Snake:4)
  A death cob (Zot:2)
  7 tengu reavers
  5 shadow dragons
  11 nagarajas
  A thorn hunter (Swamp:4)
  Aizul (Snake:1)
  12 storm dragons
  Donald (Vaults:2)
  2 draconian scorchers
  3 protean progenitors
  4 draconian monks
  3 draconian shifters (Zot:2)
  A balrug (Depths:2)
  4 deep elf sorcerers (Elf:3)
  3 draconian knights (Zot:2)
  4 fire giants
  3 frost giants
  10 vault wardens
  2 iron dragons (Zot:2)
  Louise (Swamp:3)
  7 draconian annihilators
  A draconian stormcaller (Zot:1)
  3 spriggan defenders (Depths:3)
  5 formless jellyfish
  15 ironbound preservers
  8 very ugly things
  2 vampire knights (Depths:2)
  6 deep elf demonologists
  2 broodmothers
  13 stone giants
  4 deep elf death magi (Elf:3)
  6 green draconians
  A deep elf annihilator (Elf:3)
  3 purple draconians
  3 dire elephants
  4 black draconians (Depths:4)
  6 ironbound thunderhulks
  A lorocyproca (Depths:2)
  The ghost of temujin the Grappler, a journeyman TrFi of Wu Jian (Lair:2)
  7 bunyips
  10 red draconians
  5 white draconians
  A halazid warlock (Desolation)
  4 eleionomae
  4 crystal guardians
  8 ettins
  6 spark wasps
  A jiangshi (Depths:2)
  A blizzard demon (Depths:4)
  A merfolk javelineer (Depths:4)
  7 fire dragons
  3 deep elf high priests
  9 yaktaur captains
  A shambling mangrove (Swamp:4)
  4 servants of whispers (Desolation)
  2 ragged hierophants (Desolation)
  2 great orbs of eyes
  2 rakshasas
  An entropy weaver (Vaults:2)
  2 spriggan air magi (Depths:3)
  26 vault guards
  9 ice dragons
  4 salamander tyrants (Snake:4)
  A catoblepas (Lair:5)
  7 centaur warriors
  7 ironbound frosthearts
  8 alligators
  8 peacekeepers
  6 anacondas
  13 hydras
  20 dancing weapons
  3 boulder beetles
  4 death yaks
  12 naga warriors
  5 two-headed ogres
  8 deep troll shamans
  3 occultists (Depths:2)
  6 deep troll earth magi
  An orc high priest (Vaults:4)
  A vampire mage (Depths:1)
  9 naga sharpshooters
  4 spriggan berserkers
  2 tengu warriors
  15 hell knights
  4 skysharks
  13 deep elf knights
  Nergalle (Lair:3)
  3 sun demons (Zot:1)
  7 spriggans
  6 shock serpents
  5 salamander mystics
  A golden dragon zombie (Depths:3)
  2 sea snakes (Snake:3)
  A sixfirhy (D:6)
  4 iron trolls
  A spriggan druid (Swamp:4)
  An orb spider (shapeshifter) (Vaults:3)
  38 deep trolls
  2 flayed ghosts
  A goliath frog (Swamp:4)
  10 mana vipers
  2 glowing orange brains
  A swamp dragon (Swamp:1)
  4 arcanists
  A naga ritualist (Snake:1)
  3 spectral hydras (Swamp:4)
  Pikel (D:7)
  A bog body (Swamp:1)
  6 phantasmal warriors
  The ghost of tezkier the Thaumaturge, a novice DjFE (D:8)
  15 lindwurms
  10 deep elf archers
  28 deep elf pyromancers
  5 necromancers
  17 ironbound convokers
  7 orc knights
  3 oklob plants (Swamp:4)
  A wolf spider (Zot:2)
  14 deep elf zephyrmancers
  4 orc sorcerers
  A manticore (Lair:5)
  35 ugly things
  3 cyclopes (Volcano)
  14 salamanders
  3 meliai (D:15)
  2 kobold blastminers (Orc:2)
  16 moths of wrath
  11 elephants (Lair:5)
  11 vault sentinels
  Joseph (D:8)
  23 black mambas
  8 guardian serpents
  A molten gargoyle (Volcano)
  A torpor snail (Lair:4)
  13 naga magi
  A gargoyle (Volcano)
  2 ice statues (IceCv)
  13 cane toads
  Jeremiah (D:7)
  A freezing wraith (Swamp:4)
  22 yaktaurs
  A tormentor (Depths:2)
  2 ice devils (Lair:2)
  10 rime drakes
  6 komodo dragons
  3 tengu conjurers
  2 golden dragon simulacra (Zot:2)
  2 polar bears
  2 snapping turtles
  3 tyrant leeches
  8 hornets
  34 saltlings (Desolation)
  6 trolls
  A glass eye (Depths:2)
  19 blink frogs
  A snapping turtle (shapeshifter) (Elf:1)
  A centaur simulacrum (D:15)
  A draconian simulacrum (Zot:2)
  A culicivora (Vaults:2)
  7 dream sheep (Lair:5)
  15 slime creatures
  A shadow (D:12)
  Sigmund (D:2)
  2 vampires
  5 air elementals
  77 yaks
  2 wraiths (D:12)
  4 water elementals
  A wyvern (D:8)
  2 wargs
  5 basilisks
  A black draconian simulacrum (Zot:2)
  5 redbacks
  12 vampire mosquitoes
  The ghost of Cryptonicus the Magician, an amateur DjFE (D:3)
  A steam dragon (Lair:5)
  14 swamp worms
  3 acid dragons
  30 nagas
  16 water moccasins
  2 hell hounds (Lair:1)
  2 swamp drakes
  An ice beast (D:7)
  2 laughing skulls (D:15)
  A black bear (Lair:4)
  25 orc warriors
  13 wolves
  A tengu (shapeshifter) (D:13)
  7 ogres
  A swamp dragon skeleton (Swamp:4)
  8 centaurs
  2 lemures (D:7)
  A kobold brigand (D:9)
  15 bullfrogs
  2 earth elementals
  3 scorpions
  5 wights (D:8)
  7 killer bees
  3 lindwurm simulacra (IceCv)
  6 electric eels
  3 howler monkeys
  2 bombardier beetles (D:5)
  4 komodo dragon simulacra (IceCv)
  14 orc priests
  4 hounds
  6 jellies
  14 orc wizards
  A sleepcap (D:5)
  Natasha (thrice) (D:2)
  4 iguanas
  A hell rat (D:9)
  A scorpion zombie (D:3)
  6 adders
  An acid dragon simulacrum (IceCv)
  7 gnolls
  A shadow imp (D:4)
  A swamp drake skeleton (Swamp:4)
  4 white imps
  4 steam dragon simulacra (IceCv)
  3 dart slugs
  3 ribbon worms
  45 orcs
  5 ball pythons
  8 bats
  6 endoplasms
  3 giant cockroaches
  3 hobgoblins
  2 quokkas (D:1)
  3 frilled lizards
  A goblin (D:3)
  A jackal zombie (D:3)
  12 kobolds
  8 rats
  3 aspiring fleshes
1508 creatures vanquished.

Vanquished Creatures (collateral kills)
  A dread lich (Zot:5)
  2 ancient liches (Zot:5)
  5 orbs of fire
  2 juggernauts (Depths:3)
  4 Killer Klowns (Zot:5)
  2 caustic shrikes (Depths:3)
  4 golden dragons
  2 curse toes
  Jorgrun (Snake:1)
  3 tentacled monstrosities
  Rupert (D:13)
  An Ice Fiend (D:15)
  2 liches
  23 Orb Guardians
  2 sphinxes
  A titan (Vaults:5)
  A quicksilver dragon (Depths:3)
  A deep elf master archer (Elf:3)
  A walking frostbound tome (Depths:3)
  Gastronok (D:10)
  2 thorn hunters (Swamp:4)
  A storm dragon (Zot:4)
  4 nagarajas
  2 death cobs
  3 shadow dragons
  3 tengu reavers
  4 protean progenitors
  4 fire giants
  A draconian shifter (Zot:2)
  6 draconian monks
  A frost giant (Vaults:5)
  An imperial myrmidon (Desolation)
  7 draconian knights
  An iron dragon (Zot:2)
  A ghost moth (Zot:5)
  3 vault wardens (Vaults:5)
  A balrug (Zot:1)
  4 draconian annihilators
  2 ghouls (Swamp:4)
  2 ironbound preservers
  A spriggan defender (Depths:3)
  6 very ugly things
  2 formless jellyfish
  9 stone giants
  A juggernaut skeleton (Depths:3)
  A vampire knight (Depths:2)
  3 ironbound thunderhulks
  A deep elf death mage (Elf:1)
  A lorocyproca (Depths:2)
  4 black draconians
  6 green draconians
  A deep elf annihilator (Elf:3)
  4 purple draconians
  10 red draconians
  2 yellow draconians
  A war gargoyle (Vaults:2)
  2 spark wasps (Depths:1)
  2 bunyips
  6 white draconians
  3 dire elephants
  2 ettins
  3 ragged hierophants (Desolation)
  Fannar (D:10)
  6 fire dragons
  A deep elf high priest (Vaults:5)
  3 servants of whispers (Desolation)
  4 entropy weavers
  A shambling mangrove (Swamp:2)
  An entropy weaver (shapeshifter) (D:15)
  A great orb of eyes (Vaults:3)
  4 yaktaur captains
  3 spriggan air magi
  7 hydras
  2 rakshasas
  A hell beast (D:14)
  A salamander tyrant (Snake:4)
  A catoblepas (D:15)
  15 vault guards
  5 peacekeepers
  2 ghost crabs
  4 ogre magi
  2 boulder beetles
  3 ice dragons
  3 ironbound frosthearts
  5 alligators
  An anaconda (Snake:4)
  A radroach (Zot:3)
  5 two-headed ogres
  9 dancing weapons
  4 centaur warriors
  2 deep troll shamans
  3 tengu warriors
  4 death yaks
  2 spriggan berserkers
  5 shock serpents
  2 vampire magi
  2 naga sharpshooters
  2 orc high priests (Vaults:4)
  8 deep troll earth magi
  9 naga warriors
  5 deep elf knights
  6 hell knights
  A sun demon (Zot:1)
  3 iron trolls
  A flayed ghost (Depths:4)
  7 goliath frogs
  A glowing orange brain (Depths:2)
  2 salamander mystics
  3 bog bodies
  An orb spider (shapeshifter) (Depths:3)
  4 mana vipers (Snake:4)
  4 arcanists
  27 deep trolls
  3 spriggan druids
  2 death drakes (Depths:4)
  9 swamp dragons
  2 naga ritualists
  8 deep elf archers
  2 orc knights
  7 lindwurms
  A lindwurm (shapeshifter) (Vaults:5)
  7 deep elf pyromancers
  2 spectral hydras (Swamp:4)
  7 deep elf zephyrmancers
  7 ironbound convokers
  2 necromancers
  4 phantasmal warriors
  2 wolf spiders (Zot:2)
  5 will-o-the-wisps
  An iron dragon zombie (Depths:3)
  An orc sorcerer (Orc:1)
  10 ugly things
  2 manticores
  2 kobold blastminers
  9 salamanders
  5 moths of wrath
  9 elephants (Lair:5)
  3 meliai (D:14)
  7 guardian serpents
  2 cyclopes
  7 naga magi
  7 vault sentinels
  A toenail golem (D:15)
  8 black mambas
  A molten gargoyle (Volcano)
  A gargoyle (Volcano)
  5 cane toads
  2 smoke demons
  Maggie (D:7)
  A hellion (D:5)
  A kobold demonologist (Depths:2)
  3 komodo dragons
  10 yaktaurs
  A rime drake (Lair:5)
  A tengu conjurer (Depths:4)
  A freezing wraith (Vaults:5)
  2 hydra zombies (Swamp:4)
  A red devil (D:5)
  2 bloated husks
  A hellwing (Depths:4)
  3 trolls
  7 hornets
  3 hydra skeletons (Swamp:4)
  3 blink frogs
  30 saltlings (Desolation)
  2 dream sheep (Lair:5)
  A culicivora (Vaults:1)
  7 slime creatures
  5 spriggans
  3 wraiths
  4 wyverns
  7 water elementals
  31 yaks
  6 basilisks
  2 redbacks
  A warg (Orc:2)
  A purple draconian simulacrum (Zot:2)
  9 vampire mosquitoes
  15 nagas
  3 swamp worms
  2 acid dragons
  A hydra simulacrum (Swamp:4)
  A water moccasin (Lair:5)
  16 orc warriors
  4 swamp drakes
  4 black bears
  A redback (shapeshifter) (Vaults:5)
  2 sky beasts (D:7)
  3 laughing skulls (D:15)
  3 ogres
  10 centaurs
  A swamp dragon skeleton (Swamp:4)
  2 lemures (D:7)
  2 bullfrogs (D:6)
  A gnoll sergeant (D:6)
  A scorpion (shapeshifter) (Elf:1)
  2 scorpions
  A hornet simulacrum (D:15)
  A lindwurm simulacrum (IceCv)
  5 killer bees
  6 electric eels
  A howler monkey (D:5)
  A bombardier beetle (D:4)
  4 hounds
  A jelly (D:4)
  3 komodo dragon simulacra (IceCv)
  11 orc priests
  A gnoll bouda (D:6)
  2 iguanas
  A sleepcap (D:7)
  8 orc wizards
  11 gnolls
  A swamp drake zombie (Swamp:4)
  3 acid dragon simulacra (IceCv)
  An adder (D:5)
  A swamp drake skeleton (Swamp:4)
  2 white imps
  2 ufetubi (D:4)
  2 steam dragon simulacra (IceCv)
  A dart slug (D:4)
  43 orcs
  4 endoplasms
  3 goblins
  2 ball pythons
  A rat (D:3)
  2 aspiring fleshes
886 creatures vanquished.

Vanquished Creatures (others)
  A deep elf archer (Elf:1)
  A moth of wrath (Zot:1)
  A bloated husk (Swamp:4)
  A saltling (Desolation)
  A yak (D:9)
  An orc warrior (Orc:2)
  53 battlemagi
  10 foxfires
  67 spectral weapons
136 creatures vanquished.

Grand Total: 2530 creatures vanquished

Notes
Turn   | Place    | Note
-------+----------+-------------------------------------------
     0 | D:1      | momomo the Demonspawn Monk began the quest for the Orb.
     0 | D:1      | Reached XP level 1. HP: 18/18 MP: 1/1
   238 | D:2      | Gained mutation: You have large cloven feet. [demonic
                  | ancestry]
   238 | D:2      | Reached XP level 2. HP: 24/24 MP: 2/2
   337 | D:2      | Gained mutation: You are partially covered in sharp spines.
                  | [demonic ancestry]
   337 | D:2      | Reached XP level 3. HP: 20/29 MP: 3/3
   385 | D:2      | Noticed Sigmund
   404 | D:2      | Noticed Natasha
   418 | D:2      | Killed Sigmund
   419 | D:2      | Reached skill level 4 in Fighting
   419 | D:2      | Reached XP level 4. HP: 37/37 MP: 4/4
   419 | D:2      | Reached XP level 5. HP: 42/42 MP: 5/5
   450 | D:2      | Killed Natasha
   451 | D:2      | Reached skill level 5 in Long Blades
   699 | D:2      | Noticed Natasha
   707 | D:2      | Killed Natasha
  1222 | D:1      | Gained mutation: You have hoof-like feet. [demonic
                  | ancestry]
  1222 | D:1      | Reached XP level 6. HP: 49/49 MP: 6/6
  2034 | D:2      | Noticed Natasha
  2038 | D:2      | Killed Natasha
  2248 | D:3      | Found a hazy altar of Hepliaklqana.
  2253 | D:3      | Became a worshipper of Hepliaklqana the Forgotten
  2253 | D:3      | Reached * piety under Hepliaklqana
  2253 | D:3      | Reached ** piety under Hepliaklqana
  2337 | D:3      | Reached skill level 5 in Fighting
  2555 | D:3      | Remembered your ancestor Cipactli as a battlemage
  2556 | D:3      | Found a runed translucent gate.
  2556 | D:3      | Found a runed translucent gate.
  2556 | D:3      | Found a runed translucent gate.
  2556 | D:3      | Noticed Cryptonicus's ghost (amateur DjFE)
  2557 | D:3      | Found a basalt altar of Yredelemnul.
  3008 | D:4      | Found an ornate altar of the Wu Jian Council.
  3235 | D:4      | Reached XP level 7. HP: 44/51 MP: 7/7
  3324 | D:4      | Reached skill level 6 in Fighting
  3467 | D:4      | Found a staircase to the Ecumenical Temple.
  3949 | D:5      | Entered Level 5 of the Dungeon
  3949 | D:5      | Reached *** piety under Hepliaklqana
  3965 | D:5      | Reached skill level 1 in Evocations
  4185 | D:5      | Reached skill level 7 in Fighting
  4188 | D:5      | Gained mutation: A weak demonic guardian rushes to your
                  | aid. [demonic ancestry]
  4188 | D:5      | Reached XP level 8. HP: 58/60 MP: 8/8
  4713 | D:6      | Reached skill level 8 in Fighting
  4719 | D:5      | Reached skill level 5 in Dodging
  5089 | D:6      | Reached skill level 9 in Fighting
  5393 | D:6      | Gained mutation: You are partially covered in large bone
                  | plates. (SH +4) [demonic ancestry]
  5393 | D:6      | Reached XP level 9. HP: 68/68 MP: 9/9
  5725 | D:7      | Noticed Maggie
  5885 | D:7      | Noticed Pikel
  5910 | D:7      | Killed Pikel
  6247 | D:7      | Noticed Jeremiah
  6253 | D:7      | Killed Jeremiah
  6334 | D:7      | Killed Maggie
  6419 | D:7      | Reached **** piety under Hepliaklqana
  6639 | D:7      | Reached skill level 1 in Invocations
  6639 | D:7      | Reached XP level 10. HP: 74/74 MP: 10/10
  6790 | D:8      | Found a runed translucent gate.
  6793 | D:8      | Found a runed translucent gate.
  6793 | D:8      | Found a runed translucent gate.
  6795 | D:8      | Noticed tezkier's ghost (novice DjFE)
  7138 | D:8      | Noticed Joseph
  7148 | D:8      | Killed Joseph
  7784 | D:8      | Reached skill level 10 in Long Blades
  7930 | D:8      | Learned a level 2 spell: Blink
  7986 | D:9      | Reached skill level 5 in Invocations
  8136 | D:9      | Found a shimmering blue altar of Sif Muna.
  8578 | D:9      | Found a staircase to the Orcish Mines.
  8854 | D:9      | Gained mutation: You have hooves in place of feet. [demonic
                  | ancestry]
  8854 | D:9      | Reached XP level 11. HP: 45/80 MP: 15/15
  9299 | D:9      | Noticed a death yak
  9324 | D:9      | Killed a death yak
  9493 | D:9      | Found a staircase to the Lair.
  9788 | D:10     | Entered Level 10 of the Dungeon
 10022 | D:10     | Noticed Gastronok
 10139 | D:10     | Killed Gastronok
 10140 | D:10     | Reached skill level 1 in Armour
 10606 | D:10     | Reached skill level 10 in Fighting
 10806 | D:10     | Noticed a boulder beetle
 10817 | D:10     | Killed a boulder beetle
 11106 | D:11     | Noticed a two-headed ogre
 11113 | D:11     | Killed a two-headed ogre
 11412 | D:11     | Gained mutation: You are mostly covered in large bone
                  | plates. (SH +6) [demonic ancestry]
 11412 | D:11     | Reached XP level 12. HP: 81/89 MP: 16/16
 11569 | D:11     | Reached ***** piety under Hepliaklqana
 12059 | D:12     | Noticed a two-headed ogre
 12064 | D:12     | Killed a two-headed ogre
 12065 | D:12     | Reached skill level 11 in Fighting
 12743 | D:12     | Noticed a two-headed ogre
 12749 | D:12     | Killed a two-headed ogre
 12927 | D:12     | Found a shadowy altar of Dithmenos.
 13146 | D:8      | Killed tezkier's ghost
 13289 | D:3      | Killed Cryptonicus's ghost
 13463 | Lair:1   | Entered Level 1 of the Lair of Beasts
 13483 | Lair:1   | Found a dark tunnel.
 13514 | Volcano  | Entered a volcano
 14075 | Volcano  | Reached skill level 12 in Fighting
 15247 | Lair:1   | Gained mutation: A demonic guardian rushes to your aid.
                  | [demonic ancestry]
 15247 | Lair:1   | Reached XP level 13. HP: 98/98 MP: 17/17
 15434 | Lair:2   | Found a runed translucent gate.
 15435 | Lair:2   | Found a runed translucent gate.
 15435 | Lair:2   | Noticed temujin's ghost (journeyman TrFi)
 15436 | Lair:2   | Found a runed translucent gate.
 15464 | Lair:2   | Reached skill level 13 in Fighting
 15610 | Lair:2   | Found a frozen archway.
 15630 | IceCv    | Entered an ice cave
 16203 | IceCv    | Noticed a white draconian
 16220 | IceCv    | Killed a white draconian
 16302 | IceCv    | Identified the amulet "Bubuz" {Regen+ Dex+3}
 16307 | IceCv    | Identified the amulet of Efaher {Spirit Rampage Fly rPois}
 16755 | Lair:2   | Reached skill level 14 in Fighting
 17268 | Lair:3   | Reached skill level 10 in Dodging
 17430 | Lair:3   | Noticed Nergalle
 17440 | Lair:3   | Killed Nergalle
 17827 | Lair:3   | Found a staircase to the Swamp.
 18059 | Lair:3   | Found a staircase to the Snake Pit.
 18415 | Lair:3   | You are sucked into a shaft and drop 2 floors!
 18415 | Lair:5   | Entered Level 5 of the Lair of Beasts
 18449 | Lair:5   | Gained mutation: You are mostly covered in sharp spines.
                  | [demonic ancestry]
 18449 | Lair:5   | Reached XP level 14. HP: 68/108 MP: 14/19
 18808 | Lair:5   | Reached skill level 15 in Fighting
 18941 | Lair:5   | Identified the +9 rapier "Ziobbor" {flame, *Slow rPois
                  | Str+7 Dex-4}
 19921 | Lair:5   | Reached skill level 16 in Fighting
 20939 | Lair:4   | Gained mutation: You are completely covered in large bone
                  | plates. (SH +8) [demonic ancestry]
 20939 | Lair:4   | Reached XP level 15. HP: 93/118 MP: 21/21
 21167 | Lair:4   | Found a runed translucent door.
 21328 | Lair:4   | Found a viscous altar of Jiyva.
 21328 | Lair:4   | Found a staircase to the Slime Pits.
 21479 | Lair:4   | Reached skill level 17 in Fighting
 21507 | Lair:4   | Reached ****** piety under Hepliaklqana
 21968 | Lair:4   | Learned a level 6 spell: Summon Cactus Giant
 22156 | D:10     | Noticed Fannar
 22163 | D:10     | Killed Fannar
 22674 | D:13     | Reached skill level 1 in Translocations
 22678 | D:13     | Noticed Rupert
 22690 | D:13     | Killed Rupert
 22691 | D:13     | Reached skill level 1 in Spellcasting
 23263 | D:14     | Reached skill level 1 in Summonings
 24439 | D:14     | Found a portal to a secret trove of treasure.
 24572 | D:14     | Reached skill level 1 in Shields
 24684 | D:14     | Found a gate to the Vaults.
 25082 | D:14     | Found a portal to a secret trove of treasure.
 25151 | D:14     | Found a gate to the Vaults.
 25517 | D:14     | Found a portal to a secret trove of treasure.
 25586 | D:14     | Found a gate to the Vaults.
 25842 | D:14     | You paid a toll of 4 scrolls of fog to enter a treasure
                  | trove
 25843 | Trove    | Entered a treasure trove
 25846 | Trove    | Found the Hermit's Pendant {Faith Invo=14 Evo=0 MP+5}
 25851 | Trove    | Identified the ring of Qieppizi {rC++ Will- Int+6 Dex+3}
 25853 | Trove    | Identified the ring "Eveg" {^Contam rF+ rC+ rCorr Int+3}
 25859 | Trove    | Identified the amulet "Tegigoeb" {rN+ Regen+}
 25862 | Trove    | Identified the ring of Life {rPois Will+++ rCorr EV+5
                  | Int-5}
 25878 | Trove    | Identified the ring "Notso" {Wiz SInv}
 25880 | Trove    | Identified the ring "Quciyte" {rElec rF- Int+6 SInv}
 25962 | D:15     | Entered Level 15 of the Dungeon
 26263 | D:15     | Gained mutation: Your presence sometimes corrodes those you
                  | injure. [demonic ancestry]
 26263 | D:15     | Reached XP level 16. HP: 118/126 MP: 22/22
 26313 | D:15     | Reached skill level 18 in Fighting
 26652 | D:15     | Reached skill level 5 in Shields
 26749 | D:15     | Found a staircase to the Depths.
 27195 | Orc:1    | Entered Level 1 of the Orcish Mines
 27497 | Orc:1    | Found Rudwioc's Magic Scroll Emporium.
 27506 | Orc:1    | Bought a scroll of blinking for 135 gold pieces
 27506 | Orc:1    | Bought a scroll of teleportation for 54 gold pieces
 27506 | Orc:1    | Bought a scroll of acquirement for 936 gold pieces
 27506 | Orc:1    | Acquired the +4 double sword "Jilaap" {spect, rPois Will+}
 27882 | Orc:2    | Entered Level 2 of the Orcish Mines
 28380 | Orc:2    | Found a staircase to the Elven Halls.
 29140 | Orc:2    | Found Extufol's Book Boutique.
 29140 | Orc:2    | Found Cunuud's Jewellery Emporium.
 29142 | Orc:2    | Found Suitan's Assorted Antiques.
 29144 | Orc:2    | Found Ebuomol's Antique Armour Shop.
 29151 | Orc:2    | Bought a scroll labelled GOUTUA DITO for 35 gold pieces
 29151 | Orc:2    | Bought a warped golden amulet for 175 gold pieces
 29151 | Orc:2    | Identified the amulet "Gaiz" {Faith Rampage rC- Dex+7} (You
                  | bought it in a shop on level 2 of the Orcish Mines)
 29157 | Orc:2    | Bought a glowing chain mail for 180 gold pieces
 29396 | Snake:1  | Entered Level 1 of the Snake Pit
 29492 | Snake:1  | Noticed Jorgrun
 29503 | Snake:1  | Killed Jorgrun
 29709 | Snake:1  | Noticed Nikola
 29717 | Snake:1  | Killed Nikola
 29793 | Snake:1  | Noticed Mlioglotl
 29798 | Snake:1  | Noticed a bone dragon
 29804 | Snake:1  | Killed Mlioglotl
 30283 | Snake:1  | Reached skill level 10 in Shields
 30720 | Snake:1  | Identified the serpent talisman "Suerac" {Int+3 Dex+3}
 30720 | Snake:1  | Noticed Aizul
 30728 | Snake:1  | Killed Aizul
 31241 | Snake:2  | Reached XP level 17. HP: 30/134 MP: 19/23
 31780 | Snake:2  | Found Osauhif's Self-Published Books.
 32793 | Snake:3  | Identified the +3 quarterstaff of Frustration {freeze, rC+
                  | Int+4}
 32813 | Snake:3  | Noticed Bai Suzhen
 32824 | Snake:3  | Killed Bai Suzhen
 33275 | Snake:3  | Reached skill level 15 in Long Blades
 33505 | Snake:4  | Entered Level 4 of the Snake Pit
 34958 | Snake:4  | Reached skill level 19 in Fighting
 35120 | Snake:4  | Reached XP level 18. HP: 45/144 MP: 24/24
 35465 | Snake:4  | Noticed Agnes
 35471 | Snake:4  | Killed Agnes
 36367 | Snake:4  | Reached skill level 20 in Fighting
 36488 | Snake:4  | Got a serpentine rune of Zot
 36603 | Snake:4  | Identified the +6 mace of Prescription {elec, rF+ rC+}
 36632 | Snake:4  | HP: 5/145 [salamander mystic/bolt of magma (24)]
 37653 | Lair:2   | Killed temujin's ghost
 37741 | Lair:2   | Identified the +6 broad axe of Keoxutacs {elec, Dex+5}
 37889 | Elf:1    | Entered Level 1 of the Elven Halls
 38022 | Elf:1    | Reached skill level 5 in Armour
 39803 | Elf:2    | Found an ancient bone altar of Kikubaaqudgha.
 39830 | Elf:2    | Identified the +0 leather armour of Zazubb {Rampage Str+2}
 39842 | Elf:2    | Paralysed by an air elemental for 1 turns
 39912 | Elf:2    | Reached skill level 21 in Fighting
 39930 | Elf:2    | Found a runed translucent gate.
 39930 | Elf:2    | Found a runed translucent gate.
 39941 | Elf:2    | Found a runed translucent gate.
 40027 | Elf:2    | Paralysed by an air elemental for 1 turns
 40163 | Elf:3    | Entered Level 3 of the Elven Halls
 40371 | Elf:3    | Paralysed by an air elemental for 1 turns
 40377 | Elf:3    | Paralysed by an air elemental for 1 turns
 40588 | Elf:3    | Noticed Norris
 40594 | Elf:3    | Reached XP level 19. HP: 154/154 MP: 25/25
 40604 | Elf:3    | Killed Norris
 40644 | Elf:3    | Paralysed by an air elemental for 1 turns
 41751 | Elf:3    | Reached skill level 10 in Armour
 42999 | Elf:3    | Identified the +0 scale mail of Luzof {rPois}
 43078 | Elf:3    | Got the Tome of Malisons
 43106 | Elf:3    | Got the Parchment of the Dynamic Mob
 44120 | Swamp:1  | Entered Level 1 of the Swamp
 45111 | Swamp:2  | Reached skill level 22 in Fighting
 45111 | Swamp:2  | Reached XP level 20. HP: 82/163 MP: 17/27
 45825 | Swamp:3  | Reached skill level 5 in Evocations
 46096 | Swamp:3  | Noticed Louise
 46103 | Swamp:3  | Killed Louise
 46281 | Swamp:4  | Entered Level 4 of the Swamp
 46325 | Swamp:4  | Reached skill level 10 in Invocations
 46946 | Swamp:4  | Gained mutation: You are completely covered in sharp
                  | spines. [demonic ancestry]
 46946 | Swamp:4  | Reached XP level 21. HP: 170/170 MP: 28/28
 46987 | Swamp:4  | Identified the +3 long sword "Boic" {chaos, Dex+9}
 47233 | Swamp:4  | Found a blossoming altar of Fedhas.
 47437 | Swamp:4  | Found a basalt altar of Yredelemnul.
 47580 | Swamp:4  | Got a decaying rune of Zot
 47887 | Vaults:1 | Entered Level 1 of the Vaults
 48888 | Vaults:1 | Found Serais's Magic Scroll Boutique.
 48893 | Vaults:1 | Bought a scroll of teleportation for 45 gold pieces
 48893 | Vaults:1 | Bought a scroll of teleportation for 45 gold pieces
 48893 | Vaults:1 | Bought a scroll of blinking for 112 gold pieces
 48893 | Vaults:1 | Bought a scroll of teleportation for 45 gold pieces
 49254 | Vaults:2 | Identified the +9 great mace of Fate {venom, rPois Int+3}
 49276 | Vaults:2 | Noticed Donald
 49284 | Vaults:2 | Killed Donald
 49971 | Vaults:2 | Noticed Sojobo
 49983 | Vaults:2 | Killed Sojobo
 50257 | Vaults:2 | Found Yffud's Book Boutique.
 50329 | Vaults:2 | Found a transporter.
 50329 | Vaults:2 | Found Dycwowk's Magic Scroll Shoppe.
 50356 | Vaults:2 | Found a transporter.
 50868 | Vaults:2 | Found Fustuthe's Distillery.
 50881 | Vaults:2 | Bought a potion of might for 84 gold pieces
 50881 | Vaults:2 | Bought a potion of curing for 63 gold pieces
 51050 | Vaults:2 | Bought a scroll of enchant armour for 142 gold pieces
 51050 | Vaults:2 | Bought a scroll of teleportation for 57 gold pieces
 51050 | Vaults:2 | Bought a scroll of fear for 76 gold pieces
 51050 | Vaults:2 | Bought 2 scrolls of fog for 152 gold pieces
 51287 | Vaults:3 | Reached skill level 23 in Fighting
 51315 | Vaults:3 | Found a basalt altar of Yredelemnul.
 51315 | Vaults:3 | Found a staircase to the Crypt.
 51315 | Vaults:3 | Found an ancient bone altar of Kikubaaqudgha.
 51583 | Vaults:3 | Reached XP level 22. HP: 144/180 MP: 31/31
 51784 | Vaults:3 | Reached skill level 15 in Armour
 52799 | Vaults:4 | Identified the +8 chain mail "Inuama" {rC+ Will++}
 52848 | Vaults:4 | Found a crumbling gateway.
 52865 | Desolati | Entered the Desolation of Salt
 53646 | Desolati | Identified the +2 leather armour of the Hidden Vale {SInv}
 53790 | Desolati | Identified the +5 orcbow of Goegg {heavy, rN+}
 53932 | Desolati | Got the Omnibus of Creative Attacks
 54010 | Desolati | Identified the ring "Ureol" {Will+ SInv}
 54053 | Desolati | Identified the ring of Zagel {Dex+3 SInv}
 54066 | Desolati | Got Noalavuish's Tome of Geometric Kindling
 54069 | Desolati | Identified the ring "Deacaos" {Str+2 Int+6}
 54741 | Vaults:4 | Noticed Saint Roka
 54758 | Vaults:4 | Killed Saint Roka
 54759 | Vaults:4 | Reached skill level 24 in Fighting
 56031 | Depths:1 | Entered Level 1 of the Depths
 56046 | Depths:1 | Found a one-way gate to the infinite horrors of the Abyss.
 56091 | Depths:1 | Found Tuirgheif's Weapon Shoppe.
 56091 | Depths:1 | Found Lucvu's Jewellery Emporium.
 56092 | Depths:1 | Found Ygo Zec's Antique Armour Shoppe.
 56096 | Depths:1 | Found Femat's Antique Weapon Emporium.
 56113 | Depths:1 | Found a gateway to Hell.
 56126 | Depths:1 | Gained mutation: A powerful demonic guardian rushes to your
                  | aid. [demonic ancestry]
 56126 | Depths:1 | Reached XP level 23. HP: 169/188 MP: 32/32
 57011 | Depths:2 | Found Big Baal Hell's Store.
 57192 | Depths:2 | Found a magical portal.
 57196 | WizLab   | Entered Doroklohe's Tomb
 57371 | Depths:2 | Reached skill level 10 in Evocations
 57697 | Depths:2 | Found a one-way gateway to a ziggurat.
 58059 | Depths:2 | Identified the +5 orcbow "Pogabla" {heavy, rN+}
 58177 | Depths:2 | You are sucked into a shaft and drop 1 floor!
 58756 | Depths:3 | Noticed a caustic shrike
 58756 | Depths:3 | Noticed a juggernaut
 58756 | Depths:3 | Noticed a caustic shrike
 58770 | Depths:3 | Killed a juggernaut
 58774 | Depths:3 | Killed a caustic shrike
 58774 | Depths:3 | Noticed a caustic shrike
 58775 | Depths:3 | Killed a caustic shrike
 58785 | Depths:3 | Noticed a caustic shrike
 58785 | Depths:3 | Noticed a caustic shrike
 58802 | Depths:3 | Noticed a juggernaut
 58805 | Depths:3 | Killed a juggernaut
 58809 | Depths:3 | Killed a caustic shrike
 58824 | Depths:3 | Killed a caustic shrike
 58839 | Depths:3 | Killed a caustic shrike
 58848 | Depths:3 | Noticed a caustic shrike
 58854 | Depths:3 | Killed a caustic shrike
 58891 | Depths:3 | Reached XP level 24. HP: 56/195 MP: 6/32
 59626 | Depths:3 | Found a sacrificial altar of Ru.
 60374 | Depths:2 | Found a one-way gate leading to the halls of Pandemonium.
 60810 | Depths:4 | Entered Level 4 of the Depths
 62173 | Depths:4 | Reached skill level 15 in Evocations
 62357 | Depths:4 | Found a gate to the Realm of Zot.
 64227 | Vaults:2 | Bought 2 potions of magic for 336 gold pieces
 64227 | Vaults:2 | Bought a potion of magic for 168 gold pieces
 64379 | Vaults:5 | Entered Level 5 of the Vaults
 64543 | Vaults:5 | Noticed a dread lich
 64557 | Vaults:5 | Killed a dread lich
 64607 | Vaults:5 | Gained mutation: Your presence sometimes corrodes or
                  | deforms those you injure. [demonic ancestry]
 64607 | Vaults:5 | Reached XP level 25. HP: 199/200 MP: 32/32
 64627 | Vaults:5 | Identified the +11 war axe "Codefry" {freeze, rN+ Will+}
 64627 | Vaults:5 | Identified the +7 plate armour "Arghoed" {rF+ Regen+ MP+9
                  | Str-4}
 65026 | Vaults:5 | Identified the +0 scale mail of the Gloaming {rPois rCorr
                  | Int+3}
 65029 | Vaults:5 | Got the Directory of the Undead Squall
 65303 | Vaults:5 | Identified the staff of Somewhere Else {*Corrode rElec
                  | Int+6 Air Earth}
 65306 | Vaults:5 | Identified the amulet "Zyaf" {Spirit rN++}
 65335 | Vaults:5 | Identified the +4 short sword of Disharmony {flame, rF++
                  | Will+ Dex-5}
 65368 | Vaults:5 | Got a silver rune of Zot
 65459 | Vaults:5 | Identified the +3 falchion "Hydraslayer" {antimagic, Fly
                  | rElec Will- rCorr}
 65514 | Vaults:5 | Reached skill level 15 in Shields
 65809 | Vaults:5 | Identified the +0 robe of the Lotus Blossom {+Blink rF-
                  | Dex+5}
 65936 | Vaults:5 | Found Otusizoa's Weapon Emporium.
 66002 | Vaults:5 | Found Loetasch Utus's Armour Shoppe.
 66175 | Vaults:5 | Identified the +3 leather armour of the Armoured One {Int+3
                  | Dex+3}
 66485 | Vaults:5 | Identified the staff "Zapneqes" {rElec Will+ SInv Conj Air}
 67194 | Orc:2    | Bought a scroll of revelation for 262 gold pieces
 67194 | Orc:2    | Bought a wand of digging (8) for 1176 gold pieces
 68113 | Zot:1    | Entered Level 1 of the Realm of Zot
 69401 | Depths:4 | Reached skill level 15 in Invocations
 70014 | Zot:2    | Reached XP level 26. HP: 169/207 MP: 34/34
 70214 | Zot:2    | Identified the ring of Unefucox {Ice rN+ Int+3}
 70214 | Zot:2    | Noticed Josephina
 70231 | Zot:2    | Killed Josephina
 70973 | Zot:2    | Reached skill level 15 in Dodging
 71360 | Zot:2    | Noticed an orb of fire
 71373 | Zot:2    | Killed an orb of fire
 71726 | Depths:1 | Bought a ring of protection from fire for 500 gold pieces
 71997 | Zot:2    | Found a faded altar of an unknown god.
 72851 | Zot:5    | Entered Level 5 of the Realm of Zot
 72851 | Zot:5    | Found a viscous altar of Jiyva.
 73418 | Zot:5    | Noticed an ancient lich
 73433 | Zot:5    | Killed an ancient lich
 73614 | Zot:5    | Noticed an ancient lich
 73630 | Zot:5    | Killed an ancient lich
 73821 | Zot:5    | Noticed a dread lich
 73827 | Zot:5    | Noticed an ancient lich
 73834 | Zot:5    | Killed a dread lich
 73837 | Zot:5    | Killed an ancient lich
 73867 | Zot:5    | Noticed an orb of fire
 73873 | Zot:5    | Noticed an orb of fire
 73879 | Zot:5    | Gained mutation: Your magical capacity is low. (-10% MP)
                  | [an orb of fire]
 73882 | Zot:5    | Killed an orb of fire
 73895 | Zot:5    | Gained mutation: You occasionally lose the ability to read
                  | scrolls when taking damage. [an orb of fire]
 73899 | Zot:5    | Killed an orb of fire
 73971 | Zot:5    | Lost mutation: You occasionally lose the ability to read
                  | scrolls when taking damage. [potion of mutation]
 73971 | Zot:5    | Lost mutation: Your magical capacity is low. (-10% MP)
                  | [potion of mutation]
 73971 | Zot:5    | Gained mutation: Potions are less effective at restoring
                  | your health. [potion of mutation]
 73971 | Zot:5    | Gained mutation: You have a pair of small antennae on your
                  | head. [potion of mutation]
 73972 | Zot:5    | Lost mutation: Potions are less effective at restoring your
                  | health. [potion of mutation]
 73972 | Zot:5    | Lost mutation: You have a pair of small antennae on your
                  | head. [potion of mutation]
 73972 | Zot:5    | Gained mutation: Your muscles are strong. (Str +4, Int/Dex
                  | -1) [potion of mutation]
 73972 | Zot:5    | Gained mutation: Your mind is acute. (Int +4, Str/Dex -1)
                  | [potion of mutation]
 74047 | Zot:5    | Noticed an orb of fire
 74055 | Zot:5    | Killed an orb of fire
 74153 | Zot:5    | Gained mutation: You can speak a Word of Chaos. [demonic
                  | ancestry]
 74153 | Zot:5    | Reached XP level 27. HP: 154/214 MP: 30/36
 74781 | Zot:5    | Noticed a dread lich
 74814 | Zot:5    | Killed a dread lich
 75054 | Zot:5    | Noticed an orb of fire
 75054 | Zot:5    | Noticed a dread lich
 75059 | Zot:5    | Noticed an orb of fire
 75066 | Zot:5    | Killed an orb of fire
 75066 | Zot:5    | Noticed an orb of fire
 75069 | Zot:5    | Killed an orb of fire
 75070 | Zot:5    | Killed a dread lich
 75076 | Zot:5    | Killed an orb of fire
 75334 | Zot:5    | Identified the +2 plate armour "Xocac" {rF+}
 75362 | Zot:5    | Noticed a dread lich
 75369 | Zot:5    | Killed a dread lich
 75565 | Zot:5    | Got the Orb of Zot
 75667 | Zot:2    | Noticed Ofuesh the pandemonium lord
 76059 | D:9      | Noticed Moodu the pandemonium lord
 76166 | D:6      | Lost mutation: Your muscles are strong. (Str +4, Int/Dex
                  | -1) [a cacodemon]
 76293 | D:$      | Escaped with the Orb!

Illustrated notes

Levels and vault maps discovered:
D:1:      nzn_arrival_depleted_hourglass, layout_basic,
          kennysheep_pointless_box, minmay_misc_feat_tower,
          chequers_serial_rivers_room_b
D:2:      layout_loops_corners, uniq_sigmund, uniq_natasha
D:3:      layout_rooms, nicolae_yredelemnul_ghost_church,
          nicolae_hepliaklqana_hippocampus
D:4:      kennysheep_six_static_rooms, layout_basic,
          mainiacjoe_overflow_24_doors, minmay_temple_entry_grid,
          serial_demonic, serial_demonic_f, serial_demonic_c, serial_demonic_b,
          serial_demonic_a
D:5:      layout_rooms, kennysheep_boxes
D:6:      layout_rooms
D:7:      layout_gridville, fountainhead, uniq_jeremiah, uniq_pikel, uniq_maggie
D:8:      layout_loops_ring, gammafunk_ghost_split, nzn_life_drinkers,
          uniq_joseph
D:9:      layout_basic, nicolae_sif_muna_little_library, dpeg_lair_monsters,
          david_orc_5, serial_aquarium, aquarium_bridge_long_joined
          [aquarium_subvault_window, aquarium_subvault_balcony,
          aquarium_subvault_balcony, aquarium_subvault_bridge,
          aquarium_subvault_window, aquarium_subvault_bridge],
          aquarium_bridge_square [aquarium_subvault_wall,
          aquarium_subvault_window, aquarium_subvault_wall,
          aquarium_subvault_bridge], aquarium_window_corridor_1,
          aquarium_window_1, aquarium_view_2a, aquarium_view_2b,
          aquarium_pool_2, nicolae_twisty_statue_hallways
D:10:     layout_basic, uniq_fannar, uniq_gastronok
D:11:     layout_long_grid, serial_rivers, chequers_serial_rivers_marsh,
          chequers_serial_rivers_room_b, chequers_serial_rivers_small_a,
          chequers_serial_rivers_micro_b, chequers_serial_rivers_micro_a
D:12:     layout_grid_maze, grunt_decor_one_mirror,
          nicolae_dithmenos_shadow_blocks
D:13:     layout_roguey, uniq_rupert
D:14:     argonaut_augean_stables, layout_small_grid, erik_vaults_2,
          nicolae_trove_entry_crossroad
D:15:     hellmonk_depths_entry_around_the_bend, layout_gridville,
          chequers_serial_rivers_micro_d
Lair:1:   beast_lair_carwin_large_3, layout_cave_shapes, gauntlet_entry_generic,
          enter_volcano_3, grunt_forest_stairs_basic, grunt_megastairs_1
Lair:2:   layout_long_grid, gammafunk_ghost_hydra_chop,
          portal_ice_cave_demonic_guard, grunt_megastairs_5,
          infiniplex_staircase_pool, lemuel_fruit_tree, serial_bayou_shore_a
Lair:3:   layout_small_grid, nicolae_swamp_entry_splash_gauntlet,
          guppyfry_snake_entry_garden, grunt_megastairs_4, uniq_nergalle
Lair:4:   cheibrodos_lair_overgrown_chateau, layout_regular_city,
          nicolae_slime_entry_slimehenge, pf_torpor_hydra
Lair:5:   hangedman_lair_in_review, layout_regular_city,
          guppyfry_lair_end_dragon, dpeg_oklob_1
Swamp:1:  layout_basic_swamp, nicolae_swamp_orc_logging_accident,
          nicolae_swamp_small_spring
Swamp:2:  layout_basic_swamp, hangedman_swamp_blocks, hangedman_swamp_grove
Swamp:3:  layout_basic_swamp, nicolae_swamp_ascending_descending,
          swamp_pool_1_2, nicolae_swamp_godswood, uniq_louise
Swamp:4:  byrel_swamp_growth_death_and_undeath, layout_basic_swamp
Snake:1:  layout_chambers, nicolae_triple_integral, uniq_mlioglotl, uniq_nikola,
          uniq_jorgrun, uniq_aizul
Snake:2:  layout_basic, nicolae_custom_books, grunt_megastairs_2
Snake:3:  layout_onion, nicolae_snake_bzzzt, uniq_bai_suzhen
Snake:4:  grunt_snake_rune_spirals, layout_onion, nicolae_snake_mages_go_home,
          uniq_agnes
Orc:1:    layout_diamond_mine, serial_shops, nicolae_shop_tiny_statue_garden,
          nicolae_orc_hostile_takeover
Orc:2:    st_orc_rangers, layout_caves, basic_altar, nicolae_orc_quarried_blocks
Elf:1:    minmay_elf_arrival_plus, layout_gridlike, minivault_28
Elf:2:    elven_hall_of_blades_hangedman_original
          [nicolae_blade_entry_pointy_end], layout_geoelf_diagonals,
          basic_altar, nicolae_wwwww, dreamdust_princess_bridge
Elf:3:    elf_hall_gauntlet_wide, layout_geoelf_diagonals, uniq_norris
Vaults:1: hangedman_vaults_stitches, nicolae_vaults_mitosis, grunt_vaults_focal,
          nicolae_vaults_tetromino_Z_1, ontoclasm_vaults_tryst,
          nicolae_vaults_crenellated_ambush,
          nicolae_vaults_trapezoid_lopsided_4, nicolae_vaults_frosty_reception,
          layout_vaults_chaotic_city, serial_shops,
          nicolae_shop_just_a_little_nook
Vaults:2: st_lines, nicolae_vaults_specimen_jars, vaults_room_hallway,
          serial_ice_h, v_misc_26, grunt_vaults_hallway_short, v_misc_22,
          v_alt_pattern_2, hangedman_vaults_locks,
          nicolae_vaults_network_periphery, nicolae_vaults_cornered_office,
          vaults_dpeg_doors, nicolae_vaults_yaktaur_gun_rack, v_misc_8,
          nicolae_vaults_tetromino_T_1, layout_vaults_maze_bifur, serial_shops,
          nicolae_shop_temple_entry_statues_fountains, nicolae_shop_drivethru,
          shop, uniq_sojobo, uniq_donald
Vaults:3: vaults_room_large_hall, nicolae_vaults_network_s,
          nicolae_vaults_storage_room_water, nicolae_vaults_storage_room_doors,
          nicolae_vaults_ring_of_whatevers, nicolae_vaults_lightning_bolt,
          vaults_mumra_chevron_long, minmay_crypt_entry_necro_gods, v_misc_10,
          hangedman_vaults_cutoff, hangedman_vaults_slither,
          grunt_vaults_twisty, ontoclasm_vaults_spin,
          nicolae_vaults_security_offices_1, v_misc_17, vaults_dpeg_hooks,
          layout_vaults_omnibox
Vaults:4: portal_desolation_entry_nicolae_slug,
          nicolae_vaults_offset_grid_hallway_2, nicolae_vaults_tangram_2,
          nicolae_vaults_closet_pinwheel_1, st_cells,
          nicolae_vaults_tetromino_T_2, vaults_standard_mumra_x,
          nicolae_vaults_closet_pinwheel_5, layout_vaults_quadrants,
          uniq_saint_roka
Vaults:5: uniq_margery
Depths:1: layout_roguey, abyss_entry_small_statue_room, minmay_holes,
          grunt_metal_band, serial_sigils_hangedman_etch, zin_statuary,
          minmay_shoptagon
Depths:2: evilmike_marble_ring, layout_long_grid, enter_ziggurat_d,
          nicolae_hell_entry_big_baal_hell, minmay_misc_feat_columns,
          rand_demon_pan_entry_4, serial_rivers, chequers_serial_rivers_micro_a,
          chequers_serial_rivers_micro_b, chequers_serial_rivers_micro_a,
          chequers_serial_rivers_micro_a, mu_enter_wizlab_7,
          nrook_kobold_shadow_demons
Depths:3: grunt_arcs, layout_gridlike, abyss_entry, hangedman_ru_absence,
          grunt_hell_entry_dis_mu
Depths:4: lemuel_castle_with_subvaults [lemuel_castle_interior_carwin_1],
          layout_gridlike, hangedman_coc_ice_floe
Zot:1:    layout_gridlike, regret_index_zotdec_glowing_original, zot_minivault_2
Zot:2:    regret_index_infernal_bastille, layout_basic, uniq_josephina
Zot:3:    layout_onion_interference, regret_index_zotdec_twisting_globes,
          uniq_parghit
Zot:4:    layout_basic, lemuel_baited_zot_trap, zot_minivault_6
Zot:5:    layout_misc_corridors, regret_index_zotdec_slimy_original,
          st_stairs_3, grunt_ministairs_1

Skill      XL: |  1  2  3  4  5  6  7  8  9 10 11 12 13 14 15 16 17 18 19 20 21 22 23 24 25 26 27 |
---------------+----------------------------------------------------------------------------------+-----
Long Blades    | 3 4 5 8 11 12 13 14 16 18 20 21 | 21.8
Fighting       | 4 5 7 9 10 12 14 16 17 18 19 21 22 23 24 | 24.0
Dodging        | 3 4 5 6 8 11 12 13 14 16 17 | 17.1
Evocations     | 1 2 4 6 7 13 15 | 15.3
Invocations    | 1 6 9 10 12 15 18 | 18.0
Armour         | 4 8 11 14 17 18 19 20 21 | 21.2
Translocations | 3 |  3.5
Spellcasting   | 3 |  3.1
Summonings     | 4 |  4.4
Shields        | 3 11 12 14 15 | 15.0

Action                     |  1- 3 |  4- 6 |  7- 9 | 10-12 | 13-15 | 16-18 | 19-21 | 22-24 | 25-27 || total
---------------------------+-------+-------+-------+-------+-------+-------+-------+-------+-------++-------
  Melee: Falchion          |    16 |       |       |       |       |       |       |       |       ||    16
         Short sword       |    22 |    79 |   149 |       |       |       |       |       |       ||   250
         Kick              |     6 |    35 |    83 |   139 |   423 |   448 |   415 |   707 |   539 ||  2795
         Long sword        |       |       |     5 |   341 |   799 |   118 |       |       |       ||  1263
         Trident           |       |       |     2 |       |       |       |       |       |       ||     2
         Double sword      |       |       |       |       |       |   903 |   816 |  1222 |       ||  2941
         Demon blade       |       |       |       |       |       |       |       |    54 |   950 ||  1004
  Throw: Dart              |       |       |       |     8 |     4 |       |       |       |       ||    12
         Throwing net      |       |       |       |       |     1 |       |       |     1 |       ||     2
 Invoke: Recall Ancestor   |       |     3 |     7 |     6 |    13 |    10 |    12 |    14 |    26 ||    91
         Ancestor Life: Ba |       |     1 |       |       |       |       |       |       |       ||     1
         Idealise          |       |       |       |     6 |     9 |    12 |     8 |    14 |    12 ||    61
  Evoke: Wand              |       |       |       |     2 |     7 |     8 |     3 |     2 |     6 ||    28
         Sack of spiders   |       |       |       |       |       |     1 |     1 |       |     1 ||     3
    Use: Potion            |     1 |       |     2 |     1 |     1 |     5 |     5 |     5 |     8 ||    28
         Scroll            |     3 |       |     4 |     8 |     9 |    18 |    12 |    13 |    21 ||    88
   Stab: Distracted        |       |       |     5 |     7 |    18 |    30 |    22 |    68 |    23 ||   173
         Sleeping          |       |       |       |       |     1 |       |       |       |       ||     1
         Held in net/web   |       |       |       |       |     2 |       |       |       |       ||     2
 Armour: Ring mail         |    13 |    35 |    90 |   134 |    41 |    65 |       |       |       ||   378
         Robe              |     2 |       |       |       |       |       |       |       |       ||     2
         Leather armour    |       |       |       |    34 |   298 |       |       |       |       ||   332
         Troll leather arm |       |       |       |    13 |       |       |       |       |       ||    13
         Chain mail        |       |       |       |       |       |    95 |       |   301 |       ||   396
         Storm dragon scal |       |       |       |       |       |   285 |   299 |    36 |    40 ||   660
         Gold dragon scale |       |       |       |       |       |       |       |   138 |   337 ||   475
  Dodge: Dodged            |    23 |    25 |    69 |   205 |   556 |   201 |   217 |   316 |   193 ||  1805
  Block: Kite shield       |       |       |       |       |    20 |  1039 |   747 |  1103 |   739 ||  3648

Table legend: (Time is in decaauts)
 A = Elapsed time spent in this place.
 B = Non-inter-level travel time spent in this place.
 C = Inter-level travel time spent in this place.
 D = Time resting spent in this place.
 E = Time spent auto-exploring this place.
 F = Levels seen in this place.
 G = Mean time per level.
                   A        B        C        D        E       F      G
               +--------+--------+--------+--------+--------+-----+--------+
         Total |  78630 |  71446 |   7184 |  18180 |  39497 |  52 | 1512.1 |
       Dungeon |  20469 |  17654 |   2815 |   3274 |  11447 |  15 | 1364.6 |
          Lair |   8207 |   7486 |    721 |   1152 |   4973 |   5 | 1641.4 |
         Swamp |   3715 |   3524 |    191 |    943 |   1851 |   4 |  928.8 |
     Snake Pit |   8489 |   8113 |    376 |   1936 |   4997 |   4 | 2122.2 |
  Orcish Mines |   2427 |   2073 |    354 |    361 |   1366 |   2 | 1213.5 |
   Elven Halls |   6860 |   6425 |    435 |   2218 |   2979 |   3 | 2286.7 |
        Vaults |   9662 |   8625 |   1037 |   1080 |   5893 |   5 | 1932.4 |
        Depths |   9832 |   8911 |    921 |   3044 |   4277 |   4 | 2458.0 |
           Zot |   6007 |   5679 |    328 |   2667 |   1487 |   5 | 1201.4 |
         Trove |     83 |     83 |      0 |      0 |      1 |   1 |   83.0 |
      Ice Cave |    791 |    791 |      0 |    351 |    177 |   1 |  791.0 |
       Volcano |    727 |    727 |      0 |    505 |      0 |   1 |  727.0 |
        Wizlab |     56 |     56 |      0 |      0 |     45 |   1 |   56.0 |
    Desolation |   1299 |   1299 |      0 |    645 |      0 |   1 | 1299.0 |
               +--------+--------+--------+--------+--------+-----+--------+

Top non-repeatable levels by time:
Depths:4: 3985 daAuts
 Snake:4: 3790 daAuts
   Elf:3: 3785 daAuts
    D:14: 3524 daAuts
Depths:3: 2954 daAuts
   Zot:5: 2724 daAuts
   Zot:2: 2480 daAuts
  Lair:5: 2462 daAuts
     D:9: 2350 daAuts
Vaults:5: 2193 daAuts
Vaults:2: 2120 daAuts
 Snake:1: 1985 daAuts
Vaults:4: 1915 daAuts
Vaults:3: 1834 daAuts
   Elf:1: 1756 daAuts
